Mecha, neutral female human Tourist --------- ------- #........| |%()%%] ###|.......| |?[([%!. # |.......| |*]?[)@.| ### --------- |![?[??:B@########################)####### # |)%%*)%.| # ------- ### |!%!/[[. ------------- ##-...>.-## # -------- |...........| |.{|..| ### |...........| |..|..| ### |.........%.-############## |<.|..-## # ------------ |...........| # |..|..| ###|..........| |...........| ##...|..| #|..........| |...........| ------- #...........| ------------- ------------ Mecha the Sightseer Experience level: 4 Strength: 16 Dexterity: 10 Constitution: 13 Intelligence: 10 Wisdom: 13 Charisma: 14 Health: 0(29) Energy: 22(22) AC: 10 Gold: 826 Moves: 1173 Your Inventory: Coins $ - 826 gold pieces Weapons a - 29 uncursed +2 darts p - a [blessed +1] two-handed sword of fire (weapon in hands) t - 12 [uncursed +0] darts y - an [uncursed +0] dagger (in quiver) Armor l - an uncursed +0 Hawaiian shirt (being worn) z - an [uncursed] +0 hooded cloak [dwarvish] (being worn) A - an [uncursed +0] iron skull cap [orcish helm] Comestibles b - an uncursed fortune cookie c - 6 uncursed food rations d - 2 uncursed tripe rations e - an uncursed [stale] egg f - 2 uncursed oranges g - an uncursed apple h - an uncursed slime mold r - an [uncursed] tin [of lichen] Scrolls k - 4 uncursed scrolls of magic mapping Potions i - a blessed potion of extra healing j - an uncursed potion of extra healing w - an [uncursed] dark green potion [of booze] x - an [uncursed] magenta potion [of sleeping] Wands q - an [uncursed] wand called makes engraving vanish [of cancellation (0:5)] Tools m - an uncursed expensive camera (0:81) n - an uncursed credit card o - an uncursed leash Gems s - an [uncursed] violet gem [worthless glass] v - an [uncursed] yellowish brown gem [topaz] Spells known in the end: Name Level Category Fail Memory Your skills at the end: Fighting Skills Weapon Skills dart [Basic / Expert] Spellcasting Skills Final Attributes: You were devoutly aligned. Hunger level was 248. Your alignment was 15 / 15. Monster difficulty range was 0 - 3. Level difficulty was 3. You were lucky (1). You are dead. Vanquished creatures: a little dog a giant bat 3 iguanas a hobbit a giant rat a cave spider a red mold a gecko a jackal a kobold a goblin 2 grid bugs 3 lichens a kobold zombie 3 newts 22 creatures vanquished. Voluntary challenges: You were an atheist. You used a wielded weapon 17 times. You read items or engraved 3 times. You put on armor 2 times. You never genocided any monsters. You never polymorphed an object. You never changed form. You used no wishes. You never wrote Elbereth's name. You never encountered a bones level. You never used any Sokoban shortcuts. Dungeon overview: The Dungeons of Doom: levels 1 to 3 Level 1 a fountain a long staircase Level 2 some fountains, a sink Level 3 <- You were here a general store, a fountain History has recorded: On T:1 you entered the Dungeons of Doom to retrieve the Amulet of Yendor! On T:323 you advanced to experience level 2. On T:346 you reached level 2 of The Dungeons of Doom. On T:567 you advanced to experience level 3. On T:749 you reached level 3 of The Dungeons of Doom. On T:1015 you advanced to experience level 4. Latest messages: You read: "Closcd for inventory". This door is locked. (2x) You succeed in picking the lock. [2 turns] The door opens. Your two-handed sword of fire burns the iguana! You kill the iguana! "Aloha, Mecha! Welcome to Angmagssalik's general store!" The gecko bites! [HP-1=28] Your two-handed sword of fire burns the gecko! You kill the gecko! The giant bat bites! (2x) [HP-6=22] Something is written here in the dust. You read: "Clo??d fc? ir??r ? y". [HP+1=23] The giant bat bites! [HP-5=18] You miss the giant bat. The giant bat bites! (2x) [HP-10=8] You miss the giant bat. The giant bat bites! (2x) You die... Final status: Aloha Mecha the Tourist... You died in The Dungeons of Doom on dungeon level 3 with 763 points, and 826 pieces of gold, after 1173 moves. You were level 4 with a maximum of 29 hit points when you died.